 Dungeon Crawl Stone Soup version 0.19-a0-1442-g3b32ff5 (webtiles) character file.

142 rlgrobin the Chucker (level 5, 0/31 HPs)
             Began as a Deep Elf Chaos Knight on Sept 6, 2016.
             Slain by an ufetubus (3 damage)
             ... summoned by the capriciousness of Xom
             ... on level 3 of the Dungeon.
             The game lasted 00:07:42 (2257 turns).

rlgrobin the Chucker (Deep Elf Chaos Knight)        Turns: 2257, Time: 00:07:43

Health: 0/31       AC:  5    Str:  9    XL:     5   Next: 4%
Magic:  7/7        EV: 12    Int: 17    God:    Xom [*.....]
Gold:   106        SH:  0    Dex: 15    Spells: 0 memorised, 4 levels left

rFire  . . .     SeeInvis .     a - +0 short sword (chaos)
rCold  . . .     Gourm    .     b - +2 leather armour
rNeg   . . .     Faith    .     (no shield)
rPois  .         Spirit   .     (no helmet)
rElec  .         Dismiss  .     (no cloak)
rCorr  .         Reflect  .     (no gloves)
MR     .....     Harm     +     (no boots)
Stlth  +.........               f - amulet of harm
                                (no ring)
                                (no ring)

@: lethally poisoned (0 -> -16), about to teleport
A: no striking features
a: Renounce Religion


You were on level 3 of the Dungeon.
You worshipped Xom.
You were a special plaything of Xom.
You were not hungry.

You visited 1 branch of the dungeon, and saw 3 of its levels.

You collected 106 gold pieces.

Inventory:

Hand Weapons
 a - a +0 short sword of chaos (weapon)
 w - a +0 blowgun
Missiles
 i - 158 stones (quivered)
 j - 62 arrows
 m - 7 poisoned needles
Armour
 b - a +2 leather armour (worn)
Jewellery
 f - an amulet of harm (around neck)
Scrolls
 e - 2 scrolls of remove curse
 h - 2 scrolls of identify
 k - a scroll of immolation
 l - a scroll of magic mapping {unknown}
 n - 3 scrolls of teleportation
 o - a scroll of enchant armour {unknown}
Comestibles
 c - 3 bread rations
 d - a meat ration
 g - a slice of pizza


   Skills:
 - Level 2.4 Fighting
 - Level 3.2 Short Blades
 + Level 4.5 Throwing
 - Level 0.7 Armour
 - Level 2.4 Dodging


You had 4 spell levels left.
You didn't know any spells.

Dungeon Overview and Level Annotations

Branches:
Dungeon (3/15)

Altars:
Vehumet

Annotations:
D:2 Sigmund


Message History

* * * LOW HITPOINT WARNING * * *
You feel sick. Something hits you.
* * * LOW HITPOINT WARNING * * *
Something hits you but does no damage. Something barely misses you.
Something hits you but does no damage.
* * * LOW HITPOINT WARNING * * *
You feel sick.
The kobold shoots a poisoned needle.
The poisoned needle hits you!
You are more poisoned.
You see here a poisoned needle.
You aren't carrying any potions.
Unknown command.
As you read the scroll labeled FANASK LAENOT, it crumbles to dust.
You feel strangely unstable.
It was a scroll of teleportation.
* * * LOW HITPOINT WARNING * * *
You feel sick. Something hits you but does no damage.
Something barely misses you.
The kobold shoots a poisoned needle.
The poisoned needle barely misses you. Something hits you.
You die... "Huh?
Did I miss anything?"

#. #. # ##.#
#.#...## .....# #
...# #####.#
####.#######.....#
#......@...(..#
oo..##.#######K.#
######(### #..#
#)).)(..# #..#
#)###.#.## ##K(#
#.###....###(#.#
#)##........###.#
#<##.##..#.## #.#
#.##.##...## #..


You could see a kobold.

Vanquished Creatures
  4 adders
  2 worms (D:2)
  2 giant geckos
  2 orcs (D:3)
  6 goblins
  6 hobgoblins
  5 jackals
  A quokka (D:2)
  6 bats
  5 giant newts
  6 kobolds
  6 rats
51 creatures vanquished.

Vanquished Creatures (collateral kills)
  2 orc wizards (D:3)
  A giant gecko (D:3)
  An orc (D:3)
4 creatures vanquished.

Grand Total: 55 creatures vanquished

Notes
Turn   | Place    | Note
-------+----------+-------------------------------------------
     0 | D:1      | rlgrobin the Deep Elf Chaos Knight began the quest for the Orb.
     0 | D:1      | Reached XP level 1. HP: 13/13 MP: 3/3
   131 | D:1      | XOM: smoke on damage
   346 | D:1      | Reached skill level 1 in Throwing
   354 | D:1      | Reached XP level 2. HP: 18/18 MP: 4/4
   462 | D:1      | XOM: silly message
   511 | D:1      | XOM: harmless Erth miscast
   970 | D:2      | Noticed Sigmund
   998 | D:1      | Reached skill level 2 in Throwing
   998 | D:1      | Reached XP level 3. HP: 22/22 MP: 5/5
  1048 | D:2      | Found a radiant altar of Vehumet.
  1128 | D:2      | Reached skill level 3 in Throwing
  1319 | D:2      | Reached XP level 4. HP: 27/27 MP: 6/6
  1346 | D:2      | XOM: severe Hex miscast
  1670 | D:2      | XOM: butterfly on damage
  2079 | D:3      | XOM: noise
  2083 | D:3      | XOM: summons 3 friendly demons
  2087 | D:3      | Reached skill level 4 in Throwing
  2092 | D:3      | Reached XP level 5. HP: 16/31 MP: 7/7
  2234 | D:3      | XOM: mild Summ miscast
  2257 | D:3      | Slain by an ufetubus

Vault maps used:
D:1:      sevenhm_arrival_forest_fort_large_2
D:2:      okawaru_altar_gauntlet_db, lemuel_tele_altar, uniq_sigmund
D:3:      first_bread

Skill      XL: |  1  2  3  4 |
---------------+-------------+-----
Throwing       | 1 2 3 4 |  4.5
Fighting       | |  2.4
Short Blades   | |  3.2
Armour         | |  0.7
Dodging        | |  2.4

Action                   |  1- 3 |  4- 6 || total
-------------------------+-------+-------++-------
Melee: Short sword       |    96 |    50 ||   146
 Fire: Blowgun           |       |     3 ||     3
Throw: Stone             |    28 |    24 ||    52
  Use: Scroll            |     2 |     1 ||     3
       Potion            |       |     2 ||     2
 Stab: Sleeping          |     3 |       ||     3
  Eat: Chunk             |     1 |     1 ||     2
       Royal jelly       |       |     1 ||     1
Armor: Leather armour    |    38 |    35 ||    73
Dodge: Dodged            |    63 |    61 ||   124
